 Dungeon Crawl Stone Soup version 0.19.0-2-gae57169 (webtiles) character file.

14130 dobroeutro the Protected (level 11, 0/102 HPs)
             Began as a Minotaur Fighter on Nov 6, 2016.
             Was a Priest of Okawaru.
             Slain by an eight-headed hydra (5 damage)
             ... on level 13 of the Dungeon.
             The game lasted 00:17:49 (10996 turns).

dobroeutro the Protected (Minotaur Fighter)        Turns: 10996, Time: 00:17:50

Health: 0/102      AC: 23    Str: 30    XL:     11   Next: 84%
Magic:  20/32      EV: 12    Int:  3    God:    Okawaru [***...]
Gold:   740        SH: 12    Dex: 13    Spells: 0 memorised, 10 levels left

rFire  + . .     SeeInvis .     a - +1 war axe
rCold  . . .     Gourm    +     K - +3 chain mail {MR+}
rNeg   . . .     Faith    .     E - +2 shield of Buphaaq {MP+9 Dex+2 Stlth+}
rPois  .         Spirit   .     (helmet restricted)
rElec  +         Reflect  .     T - +1 cloak
rCorr  .         Harm     .     i - +0 pair of gloves
MR     +....     Rnd*Rage +     A - +0 pair of boots
Stlth  ..........               F - amulet of the gourmand
                                I - ring "Ohefoot" {MP+9 Str+2}
                                S - ring of Gygua {rElec rF+ AC+3 Str+3 Int-2}

@: lethally poisoned (0 -> -1), vulnerable
A: retaliatory headbutt, horns 2, talons 1, berserk 1, magic resistance 1,
mutation resistance 1, strong 1, MP-powered wands
a: Heroism, Renounce Religion


You were on level 13 of the Dungeon.
You worshipped Okawaru.
Okawaru was most pleased with you.
You were very full.

You visited 2 branches of the dungeon, and saw 14 of its levels.
You also visited: Labyrinth.

You collected 740 gold pieces.

Inventory:

Hand Weapons
 a - a +1 war axe (weapon)
 M - a +0 battleaxe
Armour
 i - a +0 pair of gloves (worn)
 A - a +0 pair of boots (worn)
 E - the +2 shield of Buphaaq (worn) {MP+9 Dex+2 Stlth+}
   (You found it on level 6 of the Dungeon)

   It affects your dexterity (+2).
   It affects your magic capacity (+9).
   It makes you more stealthy.
 K - a +3 chain mail of magic resistance (worn)
 T - a +1 cloak (worn)
 U - a +0 shield of cold resistance
 V - the +3 salamander hide armour {+Rage rF++}
   (You found it in a labyrinth)

   It greatly protects you from fire.
   It lets you go berserk.
Jewellery
 o - an uncursed ring of ice
 F - an amulet of the gourmand (around neck)
 I - the ring "Ohefoot" (right hand) {MP+9 Str+2}
   (You found it on level 7 of the Dungeon)

   [ring of magical power]

   It affects your strength (+2).
   It affects your magic capacity (+9).
 S - the ring of Gygua (left hand) {rElec rF+ AC+3 Str+3 Int-2}
   (You took it off a minotaur in a labyrinth)

   [ring of protection]

   It affects your AC (+3).
   It affects your strength (+3).
   It affects your intelligence (-2).
   It protects you from fire.
   It insulates you from electricity.
Wands
 b - a wand of enslavement (3/24)
 q - a wand of lightning (13/15)
 u - a wand of iceblast (5/15)
 J - a wand of acid (3/15)
 L - a wand of confusion (40/48)
 N - a wand of random effects (19/48)
 P - a wand of digging (15/24)
Scrolls
 g - 11 scrolls of remove curse
 h - 5 scrolls of recharging
 j - 2 scrolls of immolation
 k - 7 scrolls of enchant weapon
 l - 5 scrolls of identify
 r - 4 scrolls of teleportation
 v - 3 scrolls of enchant armour
 w - a scroll of fog
 y - a scroll of fear
 G - a scroll of amnesia
Potions
 c - a potion of cure mutation
 d - 2 potions of might
 e - a potion of degeneration
 n - 4 potions of agility
 p - 2 potions of curing
 s - a potion of invisibility
 z - 3 potions of heal wounds
 C - 2 potions of resistance
 D - a potion of brilliance
 O - 2 potions of haste {unknown}
 Q - 2 potions of flight
Miscellaneous
 R - a sack of spiders
Comestibles
 f - 11 bread rations
 m - 2 slices of pizza
 t - 2 fruits
 x - 7 meat rations
 B - 12 royal jellies
 H - 4 beef jerkies
 W - a chunk of flesh


   Skills:
 + Level 11.1 Fighting
 + Level 11.1 Axes
 + Level 11.3 Armour
 + Level 9.8 Dodging
 - Level 3.6 Shields
 + Level 6.3 Evocations


You had 10 spell levels left.
You didn't know any spells.

Dungeon Overview and Level Annotations

Branches:
Dungeon (13/15)            Temple (1/1) D:5            Lair (0/6) D:10
    Orc (0/2) D:9
 Vaults: D:13-14

Altars:
Ashenzari
Cheibriados
Dithmenos
Elyvilon
Fedhas
Gozag
Hepliaklqana
Kikubaaqudgha
Makhleb
Nemelex Xobeh
Okawaru
Qazlal
Ru
Sif Muna
Trog
Uskayaw
Vehumet
Xom
Yredelemnul
Zin
The Shining One
Lugonu


Innate Abilities, Weirdness & Mutations

You reflexively headbutt those who attack you in melee.
You have a pair of horns on your head.
You have sharp toenails.
You tend to lose your temper in combat.
You are resistant to hostile enchantments. (MR+)
You are somewhat resistant to further mutation.
Your muscles are strong. (Str +2)
You expend magic power (3 MP) to strengthen your wands.


Message History

Zapping:
b - a wand of enslavement (5/24)
Press: ? - help, Shift-Dir - straight line, f/p - eight-headed hydra
Aim: an eight-headed hydra (chance to defeat MR: 32%)
The eight-headed hydra easily resists.
This wand has 4 charges left.
The eight-headed hydra bites you! The eight-headed hydra bites you. x2
The eight-headed hydra bites you!
* * * LOW HITPOINT WARNING * * *
The eight-headed hydra bites you.
* * * LOW HITPOINT WARNING * * *
The eight-headed hydra bites you!
* * * LOW HITPOINT WARNING * * *
You block the eight-headed hydra's attack. x2
Evoke which item? (* to show all) (? for menu, Esc to quit)
Zapping:
b - a wand of enslavement (4/24)
Press: ? - help, Shift-Dir - straight line, f/p - eight-headed hydra
Aim: an eight-headed hydra (chance to defeat MR: 32%)
The eight-headed hydra easily resists.
This wand has 3 charges left.
You block the eight-headed hydra's attack.
The eight-headed hydra bites you.
You die...

#.# #.. ##
#.. #. ..#
######.#..#
..........#
.......DG.#
.......@..#
..........#
###########


You could see an eight-headed hydra and an eye of draining.

Vanquished Creatures
  The ghost of dobroeutro the Severer, a journeyman MiFi of Okawaru (D:12)
  A minotaur (Lab)
  Urug (D:10)
  An unseen horror (D:12)
  3 hill giants
  An ugly thing (D:11)
  The ghost of herpmino the Basher, a novice GrEn of Ru (D:5)
  A centaur zombie (D:12)
  A gargoyle (D:10)
  A two-headed ogre (D:11)
  4 trolls
  3 hippogriffs
  A slime creature (D:12)
  3 wyverns
  Sigmund (D:2)
  A vampire (D:11)
  3 yaks (D:13)
  A wraith (D:8)
  A hungry ghost (D:12)
  2 soldier ants
  6 orc warriors
  An ice beast (D:11)
  4 sky beasts
  5 ogres
  A black bear (D:9)
  2 centaurs
  2 big kobolds
  A gnoll sergeant (D:8)
  8 bullfrogs
  5 scorpions
  4 killer bees (D:9)
  8 wights
  5 howler monkeys
  3 crimson imps
  6 jellies
  10 hounds
  2 centaur skeletons
  7 orc priests
  8 orc wizards
  2 bullfrog skeletons
  3 iguanas
  8 worker ants
  A hound skeleton (D:11)
  A hound zombie (D:7)
  15 gnolls
  9 adders
  2 shadow imps
  5 oozes (D:12)
  An adder zombie (D:8)
  2 adder skeletons (D:4)
  4 worms
  A dart slug (D:1)
  8 leopard geckos
  42 orcs
  3 ball pythons (D:3)
  10 bats
  5 giant cockroaches
  5 goblins
  4 hobgoblins
  9 jackals
  2 quokkas
  3 frilled lizards
  A jackal zombie (D:7)
  20 kobolds
  A leopard gecko skeleton (D:5)
  A leopard gecko zombie (D:5)
  A quokka skeleton (D:8)
  8 rats
297 creatures vanquished.

Notes
Turn   | Place    | Note
-------+----------+-------------------------------------------
     0 | D:1      | dobroeutro the Minotaur Fighter began the quest for the Orb.
     0 | D:1      | Reached XP level 1. HP: 19/19 MP: 0/0
    20 | D:1      | Found a sparkling altar of Nemelex Xobeh.
   143 | D:1      | Reached XP level 2. HP: 27/27 MP: 1/1
   500 | D:2      | Noticed Sigmund
   506 | D:2      | Killed Sigmund
   506 | D:2      | Reached XP level 3. HP: 24/35 MP: 2/2
   506 | D:2      | Reached XP level 4. HP: 28/41 MP: 3/3
   506 | D:2      | Reached XP level 5. HP: 32/47 MP: 4/4
   681 | D:2      | Found a shattered altar of Ashenzari.
  1223 | D:3      | Reached skill level 5 in Fighting
  1279 | D:3      | Found a deep blue altar of Sif Muna.
  1284 | D:3      | Found an ancient bone altar of Kikubaaqudgha.
  1288 | D:3      | Found a radiant altar of Vehumet.
  1290 | D:3      | Identified Kikubaaqudgha's Tome of Sinister Magic
  1393 | D:3      | Reached skill level 5 in Armour
  1679 | D:3      | Reached XP level 6. HP: 56/56 MP: 5/5
  1972 | D:4      | Found a stormy altar of Qazlal.
  2595 | D:5      | Entered Level 5 of the Dungeon
  2669 | D:5      | Noticed herpmino's ghost (novice GrEn)
  2677 | D:5      | Killed herpmino's ghost
  2677 | D:5      | Reached skill level 5 in Axes
  2677 | D:5      | Reached XP level 7. HP: 30/63 MP: 6/6
  2899 | D:5      | Reached XP level 8. HP: 23/71 MP: 7/7
  3394 | D:5      | Found a staircase to the Ecumenical Temple.
  3422 | Temple   | Entered the Ecumenical Temple
  3899 | D:6      | Got a polished shield
  3910 | D:6      | Identified the +2 shield of Buphaaq {MP+9 Dex+2 Stlth+} (You found it on level 6 of the Dungeon)
  3995 | D:6      | Found a bloodstained altar of Trog.
  4156 | D:6      | Found a faded altar of an unknown god.
  4156 | D:6      | Found a faded altar of an unknown god.
  4161 | D:6      | Found a faded altar of an unknown god.
  4163 | D:6      | Found a faded altar of an unknown god.
  4165 | D:6      | Found an opulent altar of Gozag.
  4192 | D:7      | Noticed a hippogriff
  4205 | D:7      | Killed a hippogriff
  4205 | D:7      | Reached skill level 5 in Dodging
  4282 | D:7      | Got a twitching lapis lazuli ring
  4283 | D:7      | Identified the ring "Ohefoot" {MP+9 Str+2} (You found it on level 7 of the Dungeon)
  4347 | D:7      | Gained mutation: You tend to lose your temper in combat. [mutagenic meat]
  4426 | D:7      | Gained mutation: You are resistant to hostile enchantments. (MR+) [mutagenic meat]
  4427 | D:7      | Gained mutation: You have sharp toenails. [mutagenic meat]
  4428 | D:7      | Gained mutation: You expend magic power (3 MP) to strengthen your wands. [mutagenic meat]
  4430 | D:7      | Gained mutation: Your muscles are strong. (Str +2) [mutagenic meat]
  4545 | D:7      | Reached skill level 1 in Evocations
  4796 | D:7      | Found a snail-covered altar of Cheibriados.
  4896 | D:7      | Found a sparkling altar of Nemelex Xobeh.
  4911 | D:7      | Reached XP level 9. HP: 62/80 MP: 8/8
  5871 | D:8      | You fall through a shaft for 2 floors!
  5871 | D:10     | Entered Level 10 of the Dungeon
  5899 | D:10     | Noticed a gargoyle
  5911 | D:10     | Killed a gargoyle
  6123 | D:10     | Noticed Urug
  6135 | D:10     | Killed Urug
  6463 | D:10     | Reached XP level 10. HP: 63/91 MP: 11/11
  6820 | D:9      | Found a staircase to the Orcish Mines.
  6824 | D:9      | Noticed a hill giant
  6835 | D:9      | Killed a hill giant
  7144 | D:9      | Found a sacrificial altar of Ru.
  7766 | D:8      | Reached skill level 10 in Armour
  7927 | D:8      | Found an iron altar of Okawaru.
  7940 | D:8      | Found a hazy altar of Hepliaklqana.
  7993 | D:8      | Became a worshipper of Warmaster Okawaru
  8423 | D:10     | Found a staircase to the Lair.
  8576 | D:11     | Reached skill level 10 in Fighting
  8700 | D:11     | Reached * piety under Okawaru
  8706 | D:11     | Reached skill level 10 in Axes
  8706 | D:11     | Reached skill level 5 in Evocations
  8830 | D:11     | Reached XP level 11. HP: 92/99 MP: 13/13
  8857 | D:11     | Found a labyrinth entrance.
  8866 | D:11     | Noticed a purple ugly thing
  8882 | D:11     | Killed a purple ugly thing
  8889 | Lab      | Entered a labyrinth
  9182 | Lab      | Noticed a minotaur
  9195 | Lab      | Killed a minotaur
  9195 | Lab      | Reached ** piety under Okawaru
  9197 | Lab      | Got a crude lead ring
  9279 | Lab      | Identified the Reference Book on Bewitchment
  9282 | Lab      | Identified the Handbook of Dramatic Exits
  9311 | D:11     | Identified the ring of Gygua {rElec rF+ AC+3 Str+3 Int-2} (You took it off a minotaur in a labyrinth)
  9322 | D:11     | Gained mutation: You are somewhat resistant to further mutation. [potion of mutation]
  9798 | D:12     | Noticed dobroeutro's ghost (journeyman MiFi)
  9837 | D:12     | Killed dobroeutro's ghost
 10125 | D:12     | Found a radiant altar of Vehumet.
 10129 | D:12     | Noticed a hill giant
 10137 | D:12     | Killed a hill giant
 10174 | D:12     | Reached *** piety under Okawaru
 10311 | D:12     | Noticed a five-headed hydra
 10436 | D:12     | Killed an unseen horror
 10436 | D:12     | Received a gift from Okawaru
 10631 | D:12     | Noticed a hill giant
 10634 | D:12     | Killed a hill giant
 10976 | D:13     | Noticed a death knight
 10977 | D:13     | Noticed a skeletal warrior
 10978 | D:13     | Noticed a phantasmal warrior
 10982 | D:13     | Noticed a white ugly thing
 10992 | D:13     | Noticed an eight-headed hydra
 10995 | D:13     | HP: 5/102 [eight-headed hydra (12)]
 10996 | D:13     | Slain by an eight-headed hydra

Skill      XL: |  1  2  3  4  5  6  7  8  9 10 11 |
---------------+----------------------------------+-----
Fighting       | 4 5 6 7 9 10 11 | 11.1
Armour         | 4 5 6 8 9 10 11 | 11.3
Axes           | 3 4 5 6 7 8 10 11 | 11.1
Dodging        | 2 4 5 7 8 9 |  9.8
Evocations     | 1 3 5 6 |  6.3
Shields        | |  3.6

Action                   |  1- 3 |  4- 6 |  7- 9 | 10-12 || total
-------------------------+-------+-------+-------+-------++-------
Melee: War axe           |    41 |   115 |   277 |   401 ||   834
       Headbutt          |     5 |    18 |    55 |   105 ||   183
Invok: Heroism           |       |       |       |     6 ||     6
Evoke: Wand              |       |       |       |    10 ||    10
  Use: Potion            |       |     1 |     1 |     3 ||     5
       Scroll            |       |       |    13 |    11 ||    24
  Eat: Chunk             |       |     5 |    19 |    25 ||    49
Armor: Scale mail        |    16 |    54 |    23 |       ||    93
       Chain mail        |       |       |    50 |   170 ||   220
Dodge: Dodged            |    16 |    43 |    92 |   159 ||   310
Block: Shield            |    17 |    61 |   159 |   246 ||   483
